 Dungeon Crawl Stone Soup version 0.19.0-24-gb05acd6 (webtiles) character file.

66 dobroeutro the Sneak (level 4, -2/24 HPs)
             Began as a Kobold Enchanter on Nov 20, 2016.
             Slain by a worm (3 damage)
             ... on level 2 of the Dungeon.
             The game lasted 00:02:22 (2057 turns).

dobroeutro the Sneak (Kobold Enchanter)             Turns: 2057, Time: 00:02:23

Health: -2/24      AC:  3    Str:  5    XL:     4   Next: 37%
Magic:  7/7        EV: 14    Int: 16    God:
Gold:   42         SH:  6    Dex: 16    Spells: 1 memorised, 6 levels left

rFire  . . .     SeeInvis .     e - +0 short sword
rCold  . . .     Gourm    .     b - +1 robe
rNeg   + . .     Faith    .     a - +2 buckler
rPois  .         Spirit   .     (no helmet)
rElec  .         Reflect  .     (no cloak)
rCorr  .         Harm     .     (no gloves)
MR     .....                    (no boots)
Stlth  +++.......               (no amulet)
                                (no ring)
                                k - ring of positive energy

@: no status effects
A: carnivore 3
a: no special abilities


You were on level 2 of the Dungeon.
You were not hungry.

You visited 1 branch of the dungeon, and saw 2 of its levels.

You collected 42 gold pieces.

Inventory:

Hand Weapons
 e - a +0 short sword (weapon)
Armour
 a - a +2 buckler (worn)
 b - a +1 robe (worn)
Jewellery
 k - a ring of positive energy (left hand)
Scrolls
 g - a scroll of identify {unknown}
 h - a scroll of blinking {unknown}
 i - a scroll of remove curse {unknown}
 j - a scroll of teleportation {unknown}
 l - a scroll of fog {unknown}
Potions
 f - a potion of resistance {unknown}
Books
 c - a book of Maledictions

   Spells                             Type                      Level
   a - Corona                         Hexes                        1
   b - Ensorcelled Hibernation        Hexes/Ice                    2
   c - Confuse                        Hexes                        3
   d - Tukima's Dance                 Hexes                        3
   e - Dazzling Spray                 Conjuration/Hexes            3
Comestibles
 d - 2 meat rations


   Skills:
 + Level 2.8 Short Blades
 - Level 2.4 Dodging
 * Level 6.2 Stealth
 - Level 2.1 Spellcasting
 - Level 3.0 Hexes


You had 6 spell levels left.
You knew the following spells:

 Your Spells              Type           Power        Failure   Level  Hunger
a - Corona                Hex            ##.....      12%         1    #......


Dungeon Overview and Level Annotations

Branches:
Dungeon (2/15)

Altars:


Innate Abilities, Weirdness & Mutations

You are small and have problems with some larger weapons.
You are carnivorous and can eat meat at any time.


Message History

You kill the frilled lizard!
You block the bat's attack.
You hit the worm but do no damage.
The worm is lightly wounded.
The bat barely misses you. The gnoll closely misses you.
You barely miss the worm.
The worm is lightly wounded.
You block the bat's attack. The worm bites you!
* * * LOW HITPOINT WARNING * * *
The gnoll barely misses you. The bat completely misses you.
You are too injured to fight recklessly!
The bat misses you.
Unknown command.
You block the bat's attack. The bat closely misses you.
You block the gnoll's attack. x2
You hit the worm but do no damage.
The worm is lightly wounded.
The bat closely misses you. You block the bat's attack. The gnoll misses you.
The worm bites you.
You die...

..# ##..# .g..#
###########....##.
.................>
###....#......%
####g.###.#.##
#...gw# .. #.###@#
## # #.b.# #..
#.### #.#
#.####### . #.#
#.......# g.#.#
#.# #######.#
#.#.. #.# #......#
.##.#
#.######.######
.... #.##.....#


You could see a worm, 2 gnolls and a bat.

Vanquished Creatures
  A gnoll (D:1)
  3 adders (D:2)
  2 dart slugs (D:1)
  A leopard gecko (D:1)
  3 bats (D:1)
  2 giant cockroaches (D:1)
  4 goblins
  2 hobgoblins
  7 frilled lizards
  3 kobolds (D:1)
  2 rats (D:1)
30 creatures vanquished.

Notes
Turn   | Place    | Note
-------+----------+-------------------------------------------
     0 | D:1      | dobroeutro the Kobold Enchanter began the quest for the Orb.
     0 | D:1      | Reached XP level 1. HP: 10/10 MP: 3/3
     1 | D:1      | Noticed an electric eel
   350 | D:1      | Reached XP level 2. HP: 14/15 MP: 5/5
   648 | D:1      | Reached skill level 5 in Stealth
   879 | D:1      | Reached XP level 3. HP: 17/19 MP: 6/6
  1596 | D:1      | Reached skill level 6 in Stealth
  1596 | D:1      | Reached XP level 4. HP: 10/24 MP: 7/7
  2054 | D:2      | HP: 1/24 [worm (9)]
  2057 | D:2      | Slain by a worm

Skill      XL: |  1  2  3 |
---------------+----------+-----
Short Blades   | 2 |  2.8
Stealth        | 5 6 |  6.2
Dodging        | |  2.4
Spellcasting   | |  2.1
Hexes          | |  3.0

Action                   |  1- 3 |  4- 6 || total
-------------------------+-------+-------++-------
Melee: Short sword       |    95 |    39 ||   134
       Dagger            |     5 |       ||     5
  Use: Potion            |       |     1 ||     1
 Stab: Sleeping          |     6 |       ||     6
  Eat: Chunk             |     4 |     1 ||     5
Armor: Robe              |    13 |     5 ||    18
Dodge: Dodged            |    57 |    26 ||    83
Block: Buckler           |    29 |    23 ||    52
